 Dungeon Sprint DCSS version 0.21.1-1-g345015f (webtiles) character file.

73040 wilfster70 the Hoplite (level 15, -3/110 HPs)
             Began as a Gargoyle Fighter on Feb 27, 2018.
             Was the Champion of Makhleb.
             Slain by Mennas
             ... wielding a +4 sacred scourge of holy wrath
              (10 damage)
             ... in the Dungeon (Sprint IX: "|||||||||||||||||||||||||||||").
             The game lasted 00:17:40 (3724 turns).

wilfster70 the Hoplite (Gargoyle Fighter)           Turns: 3724, Time: 00:17:41

Health: -3/110     AC: 43    Str: 20    XL:     15   Next: 42%
Magic:  24/24      EV: 12    Int: 10    God:    Makhleb [******]
Gold:   705        SH:  0    Dex: 14    Spells: 14/14 levels left

rFire    + . .     SeeInvis .   a - +5 war axe (chop)
rCold    + . .     Gourm    .   F - +1 large shield
rNeg     + + .     Faith    .   y - +4 plate armour {rN+}
rPois    ∞         Spirit   .   x - +0 helmet
rElec    +         Reflect  .   q - +2 cloak
rCorr    .         Harm     .   (no gloves)
MR       +....     NoTele   +   r - +2 pair of boots
Stlth    ..........             (no amulet)
HPRegen  0.28/turn              l - ring of protection from cold
MPRegen  0.19/turn              B - ring of protection from fire

@: confused, flying, glowing
A: big wings, talons 1, negative energy resistance 1, electricity resistance,
unbreathing, petrification resistance, rot immunity, AC +11
a: Stop Flying, Minor Destruction, Lesser Servant of Makhleb, Major Destruction,
Greater Servant of Makhleb, Renounce Religion


You were in the Dungeon.
You worshipped Makhleb.
Makhleb was exalted by your worship.
You were hungry.

You visited 1 branch You collected 1465 gold pieces.
You spent 760 gold pieces at shops.

Inventory:

Hand Weapons
 a - a +5 war axe of chopping (weapon)
Armour
 q - a +2 cloak (worn)
 r - a +2 pair of boots (worn)
 x - a +0 helmet (worn)
 y - a +4 plate armour of positive energy (worn)
 F - a +1 large shield (worn)
Jewellery
 b - a +3 ring of dexterity
 l - a ring of protection from cold (left hand)
 t - a +2 ring of evasion
 A - an uncursed ring of ice
 B - a ring of protection from fire (right hand)
Wands
 p - a wand of acid (10)
Scrolls
 k - 3 scrolls of blinking
 n - 4 scrolls of remove curse
 o - 2 scrolls of amnesia
 u - 2 scrolls of identify
 w - 2 scrolls of fear
 D - 2 scrolls of fog
Potions
 d - a potion of might
 e - 10 potions of curing
 g - 7 potions of heal wounds
 h - 2 potions of haste
 i - 4 potions of magic
 j - a potion of berserk rage
 m - a potion of invisibility
 z - a potion of resistance
 C - a potion of agility
Miscellaneous
 v - a box of beasts
Comestibles
 f - 11 rations


   Skills:
 + Level 18.8 Fighting
 - Level 16.0 Axes
 - Level 18.9 Armour
 - Level 10.0 Dodging
 + Level 24.7 Shields
 - Level 12.0 Invocations
 - Level 11.1 Evocations


You had 14 spell levels left.
You didn't know any spells.

Dungeon Overview and Level Annotations

Branches:
Dungeon (1/1)

Altars:
Cheibriados
Dithmenos
Elyvilon
Fedhas
Gozag
Hepliaklqana
Kikubaaqudgha
Makhleb
Nemelex Xobeh
Okawaru
Qazlal
Ru
Sif Muna
Trog
Uskayaw
Vehumet
Wu Jian
Xom
Yredelemnul
Zin
The Shining One
Beogh
Jiyva
Lugonu

Shops:
D %?[[

Annotations:
D Mennas


Innate Abilities, Weirdness & Mutations

You are resistant to torment.
Your stone body is resilient. (AC +11)
You are immune to poison.
Your large and strong wings let you fly indefinitely.
You resist negative energy. (rN+)
You are resistant to electric shocks. (rElec)
You can survive without breathing.
You are immune to petrification.
You are immune to rotting.
You have sharp toenails.


Message History

Mennas is moderately wounded.
Mennas looks to the heavens.
You block Mennas's attack. x2; Mennas hits you but does no damage.
Mennas barely misses you. Mennas blocks your attack.
Mennas is moderately wounded.
You block Mennas's attack. x2
Mennas blocks your attack.
Mennas is moderately wounded.
Mennas gestures frantically.
You are confused.
Mennas blocks your attack.
Mennas is moderately wounded.
Mennas closely misses you. Mennas hits you but does no damage.
You bump into the unnaturally hard rock wall.
Mennas hits you but does no damage. x2
You completely miss Mennas.
Mennas is moderately wounded.
Mennas hits you with a sacred scourge of holy wrath!
You die...

............((....)..............
▓▓▓♣♣♣♣♣♣♣♣♣♣▓▓▓▓▓▓▓▓▓▓▓▓▓▓▓▓▓▓▓▓
))†).†...††††......†.†'..........
▓▓▓♣♣♣♣♣♣♣♣♣♣▓▓▓▓▓▓▓▓▓▓▓▓▓▓▓▓▓▓▓▓
.........).......................
▓▓▓▓▓▓▓▓▓▓▓▓▓▓▓▓▓▓▓▓▓▓▓▓▓▓▓▓▓▓▓▓▓
(()))........((.).[[.(...........
▓▓▓▓▓▓▓▓▓▓▓▓▓▓▓▓▓▓▓▓▓▓▓▓▓▓▓▓▓▓▓▓▓
................@A........
▓▓▓▓▓▓▓▓▓▓▓▓▓▓▓▓▓▓▓▓▓▓▓▓▓▓


You could see Mennas.

Vanquished Creatures
  Sojobo (D)
  A lich (D)
  Gastronok (D)
  A quicksilver dragon (D)
  Frances (D)
  A thorn hunter (D)
  A sphinx (D)
  2 tengu reavers (D)
  Aizul (D)
  5 stone giants (D)
  A spriggan defender (D)
  2 very ugly things (D)
  2 ettins (D)
  2 fire dragons (D)
  Josephine (D)
  6 ogre magi (D)
  2 rakshasas (D)
  Harold (D)
  A naga warrior (D)
  A ghost crab (D)
  An ice dragon (D)
  2 yaktaur captains (D)
  2 merfolk aquamancers (D)
  A centaur warrior (D)
  An alligator snapping turtle (D)
  A death knight (D)
  6 two-headed ogres (D)
  A deep troll earth mage (D)
  A deep troll shaman (D)
  A spriggan berserker (D)
  Nergalle (D)
  Sonja (D)
  A naga ritualist (D)
  A sea snake (D)
  A wizard (D)
  A glowing orange brain (D)
  A flayed ghost (D)
  A lindwurm (shapeshifter) (D)
  An ironbrand convoker (D)
  3 orb spiders (D)
  A necromancer (D)
  5 orc knights (D)
  A mana viper (D)
  An ugly thing (D)
  A wolf spider (D)
  An orc sorcerer (D)
  A manticore (D)
  A moth of wrath (D)
  A guardian serpent (D)
  A merfolk siren (D)
  2 black mambas (D)
  Joseph (D)
  A vault sentinel (D)
  2 naga magi (D)
  6 spiny frogs (D)
  2 yaktaurs (D)
  A queen bee (shapeshifter) (D)
  A jumping spider (D)
  2 merfolk (D)
  A troll (D)
  3 tyrant leeches (D)
  A hippogriff (D)
  A bog body (D)
  2 blink frogs (D)
  3 slime creatures (D)
  3 redbacks (D)
  2 water elementals (D)
  A shadow (D)
  A wyvern (D)
  3 wraiths (D)
  2 yaks (D)
  4 vampire mosquitoes (D)
  A hungry ghost (D)
  A naga (D)
  4 water moccasins (D)
  2 porcupines (D)
  A soldier ant (D)
  An acid dragon (D)
  10 orc warriors (D)
  2 centaurs (D)
  A wolf (D)
  4 ogres (D)
  3 crocodiles (D)
  4 bullfrogs (D)
  A wight (D)
  A howler monkey (D)
  A crimson imp (D)
  3 orc priests (D)
  5 orc wizards (D)
  A hell rat (D)
  2 adders (D)
  A shadow imp (D)
  An adder skeleton (D)
  7 orcs (D)
  A goblin (D)
  A hobgoblin (D)
  A quokka (D)
  A ball python (D)
  A bat (D)
  A frilled lizard (D)
185 creatures vanquished.

Vanquished Creatures (others)
  A lich (D)
  An unseen horror (D)
  A wizard (D)
  2 swamp drakes (D)
5 creatures vanquished.

Grand Total: 190 creatures vanquished

Notes
Turn   | Place    | Note
-------+----------+-------------------------------------------
     0 | D        | wilfster70 the Gargoyle Fighter began the quest for the Orb.
     0 | D        | Reached XP level 1. HP: 14/14 MP: 1/1
    32 | D        | Noticed an orc wizard
    32 | D        | Noticed an orc wizard
    41 | D        | Killed an orc wizard
    41 | D        | Reached skill level 4 in Shields
    41 | D        | Reached XP level 2. HP: 20/20 MP: 2/2
    41 | D        | Reached XP level 3. HP: 24/24 MP: 3/3
    46 | D        | Reached skill level 5 in Fighting
    46 | D        | Reached skill level 5 in Armour
    46 | D        | Reached skill level 5 in Shields
    46 | D        | Reached XP level 4. HP: 23/31 MP: 4/4
    58 | D        | Found a roughly hewn altar of Beogh.
    58 | D        | Found a snail-covered altar of Cheibriados.
    58 | D        | Found a shadowy altar of Dithmenos.
    58 | D        | Found a white marble altar of Elyvilon.
    58 | D        | Found a blossoming altar of Fedhas.
    58 | D        | Found an opulent altar of Gozag.
   124 | D        | Found a hazy altar of Hepliaklqana.
   125 | D        | Found a viscous altar of Jiyva.
   126 | D        | Found an ancient bone altar of Kikubaaqudgha.
   127 | D        | Found a corrupted altar of Lugonu.
   128 | D        | Found a burning altar of Makhleb.
   129 | D        | Found a sparkling altar of Nemelex Xobeh.
   130 | D        | Found an iron altar of Okawaru.
   131 | D        | Found a stormy altar of Qazlal.
   132 | D        | Found a sacrificial altar of Ru.
   133 | D        | Found a deep blue altar of Sif Muna.
   134 | D        | Found a bloodstained altar of Trog.
   135 | D        | Found a hide-covered altar of Uskayaw.
   136 | D        | Found a radiant altar of Vehumet.
   137 | D        | Found an ornate altar of the Wu Jian Council.
   138 | D        | Found a shimmering altar of Xom.
   139 | D        | Found a basalt altar of Yredelemnul.
   140 | D        | Found a glowing silver altar of Zin.
   141 | D        | Found a glowing golden altar of the Shining One.
   152 | D        | Became a worshipper of Makhleb the Destroyer
   211 | D        | Noticed a centaur
   211 | D        | Noticed a bullfrog
   211 | D        | Noticed a hippogriff
   220 | D        | Killed a hippogriff
   220 | D        | Reached skill level 7 in Shields
   220 | D        | Reached XP level 5. HP: 10/38 MP: 5/5
   220 | D        | Reached XP level 6. HP: 11/44 MP: 6/6
   226 | D        | Reached skill level 8 in Shields
   237 | D        | Reached * piety under Makhleb
   245 | D        | Reached XP level 7. HP: 13/50 MP: 7/7
   252 | D        | Reached ** piety under Makhleb
   498 | D        | Noticed a hungry ghost
   498 | D        | Noticed a soldier ant
   498 | D        | Noticed a troll
   501 | D        | Reached skill level 9 in Shields
   510 | D        | Killed a troll
   520 | D        | Killed a soldier ant
   520 | D        | Reached *** piety under Makhleb
   520 | D        | Reached skill level 10 in Fighting
   520 | D        | Reached skill level 10 in Armour
   520 | D        | Reached skill level 10 in Shields
   520 | D        | Reached XP level 8. HP: 35/57 MP: 8/8
   686 | D        | Noticed Sonja
   716 | D        | Killed Sonja
   716 | D        | Reached skill level 11 in Shields
   716 | D        | Reached XP level 9. HP: 63/64 MP: 9/9
   808 | D        | Gained mutation: You are weak. (Str -2) [potion of mutation]
   808 | D        | Gained mutation: You have sharp toenails. [potion of mutation]
   808 | D        | Lost mutation: You are weak. (Str -2) [potion of mutation]
   815 | D        | Noticed a spiny frog
   815 | D        | Noticed a spiny frog
   824 | D        | Reached **** piety under Makhleb
   834 | D        | Killed a spiny frog
   840 | D        | Killed a spiny frog
   840 | D        | Reached skill level 10 in Axes
   840 | D        | Reached skill level 12 in Shields
   846 | D        | Reached ***** piety under Makhleb
   896 | D        | Noticed a spiny frog
   911 | D        | Reached XP level 10. HP: 72/72 MP: 10/10
   927 | D        | Killed a spiny frog
   933 | D        | Reached ****** piety under Makhleb
   933 | D        | Reached skill level 13 in Shields
   953 | D        | Noticed a spiny frog
   953 | D        | Noticed a spiny frog
   966 | D        | Killed a spiny frog
   968 | D        | Killed a spiny frog
  1105 | D        | Noticed Joseph
  1118 | D        | Killed Joseph
  1217 | D        | Reached skill level 14 in Shields
  1362 | D        | Noticed an orc knight
  1362 | D        | Noticed an orc knight
  1362 | D        | Noticed an orc sorcerer
  1364 | D        | Killed an orc sorcerer
  1364 | D        | Reached skill level 1 in Dodging
  1364 | D        | Reached XP level 11. HP: 80/80 MP: 11/11
  1392 | D        | Killed an orc knight
  1403 | D        | Killed an orc knight
  1444 | D        | Found Hemive Temyl's Armour Boutique.
  1444 | D        | Noticed an ogre mage
  1444 | D        | Noticed a two-headed ogre
  1444 | D        | Noticed a two-headed ogre
  1445 | D        | Noticed an ogre mage
  1447 | D        | Noticed a two-headed ogre
  1448 | D        | Killed a two-headed ogre
  1451 | D        | Noticed a two-headed ogre
  1454 | D        | Killed a two-headed ogre
  1454 | D        | Reached skill level 15 in Armour
  1454 | D        | Reached skill level 15 in Shields
  1460 | D        | Killed an ogre mage
  1460 | D        | Reached skill level 5 in Dodging
  1461 | D        | Killed an ogre mage
  1465 | D        | Killed a two-headed ogre
  1466 | D        | Found Mitsoet's Armour Shop.
  1469 | D        | Killed a two-headed ogre
  1479 | D        | Found Feten's Magic Scroll Boutique.
  1483 | D        | Found Rof Ock's Food Shop.
  1486 | D        | Noticed a two-headed ogre
  1487 | D        | Noticed an ogre mage
  1488 | D        | Noticed a two-headed ogre
  1494 | D        | Killed a two-headed ogre
  1497 | D        | Killed an ogre mage
  1497 | D        | Reached XP level 12. HP: 85/85 MP: 12/12
  1503 | D        | Killed a two-headed ogre
  1549 | D        | Bought a +1 plate armour of positive energy for 448 gold pieces
  1562 | D        | Bought a scroll of enchant armour for 90 gold pieces
  1562 | D        | Bought a scroll of enchant armour for 90 gold pieces
  1562 | D        | Bought a scroll of enchant armour for 90 gold pieces
  1562 | D        | Bought a scroll of fear for 42 gold pieces
  1588 | D        | Noticed Josephine
  1612 | D        | Killed Josephine
  1633 | D        | Noticed Gastronok
  1652 | D        | Killed Gastronok
  1748 | D        | Found the +15 Maxwell's patent armour {-Cast -Tele rElec MR+ rCorr}
  1790 | D        | Noticed a centaur warrior
  1796 | D        | Noticed a deep troll shaman
  1806 | D        | Killed a centaur warrior
  1824 | D        | Reached skill level 15 in Axes
  1843 | D        | Killed a deep troll shaman
  1870 | D        | Reached skill level 10 in Dodging
  2039 | D        | Noticed a white very ugly thing
  2040 | D        | Noticed a stone giant
  2056 | D        | Killed a white very ugly thing
  2081 | D        | Killed a stone giant
  2081 | D        | Reached XP level 13. HP: 90/90 MP: 13/13
  2196 | D        | Noticed Frances
  2212 | D        | Killed Frances
  2246 | D        | Noticed Harold
  2270 | D        | Killed Harold
  2270 | D        | Reached skill level 16 in Shields
  2336 | D        | Reached skill level 5 in Invocations
  2349 | D        | Reached skill level 17 in Shields
  2371 | D        | Noticed a thorn hunter
  2392 | D        | Killed a thorn hunter
  2454 | D        | Reached skill level 18 in Shields
  2468 | D        | Reached skill level 10 in Invocations
  2522 | D        | Reached skill level 19 in Shields
  2619 | D        | Noticed Nergalle
  2632 | D        | Killed Nergalle
  2632 | D        | Reached skill level 1 in Evocations
  2644 | D        | Noticed Aizul
  2668 | D        | Killed Aizul
  2668 | D        | Gained mutation: Your large and strong wings let you fly indefinitely. [Gargoyle growth]
  2668 | D        | Reached XP level 14. HP: 96/96 MP: 23/23
  2743 | D        | Noticed a quicksilver dragon
  2753 | D        | Reached skill level 20 in Shields
  2753 | D        | Reached skill level 5 in Evocations
  2823 | D        | Killed a quicksilver dragon
  2831 | D        | Noticed a spriggan defender
  2832 | D        | Noticed a lich
  2835 | D        | Noticed a cyan very ugly thing
  2837 | D        | Noticed a lich
  2840 | D        | Noticed a stone giant
  2842 | D        | Noticed a stone giant
  2870 | D        | Killed a spriggan defender
  2870 | D        | Reached skill level 21 in Shields
  2885 | D        | Killed a lich
  2885 | D        | Reached skill level 10 in Evocations
  2897 | D        | Killed a cyan very ugly thing
  2912 | D        | Killed a lich
  2925 | D        | Killed a stone giant
  2943 | D        | Reached skill level 22 in Shields
  3120 | D        | Reached skill level 15 in Fighting
  3129 | D        | Noticed a stone giant
  3134 | D        | Noticed a stone giant
  3137 | D        | Noticed a stone giant
  3183 | D        | Killed a stone giant
  3194 | D        | Killed a stone giant
  3204 | D        | Killed a stone giant
  3204 | D        | Reached skill level 23 in Shields
  3219 | D        | Reached XP level 15. HP: 86/104 MP: 24/24
  3256 | D        | Noticed a sphinx
  3302 | D        | Killed a sphinx
  3449 | D        | Noticed a tengu reaver
  3451 | D        | Noticed Sojobo
  3471 | D        | Killed a tengu reaver
  3471 | D        | Reached skill level 24 in Shields
  3534 | D        | Killed Sojobo
  3543 | D        | Noticed a tengu reaver
  3558 | D        | Killed a tengu reaver
  3660 | D        | Noticed Mennas
  3724 | D        | Slain by Mennas

Skill      XL: |  1  2  3  4  5  6  7  8  9 10 11 12 13 14 15 |
---------------+----------------------------------------------+-----
Axes           | 3 6 8 9 10 12 13 15 16 | 16.0
Fighting       | 4 5 7 8 10 11 12 14 16 18 | 18.8
Armour         | 4 5 7 8 10 11 12 14 16 18 | 18.9
Shields        | 4 5 7 8 10 11 12 14 15 19 23 24 | 24.7
Dodging        | 1 7 10 | 10.0
Invocations    | 12 | 12.0
Evocations     | 3 11 | 11.1

Action                   |  1- 3 |  4- 6 |  7- 9 | 10-12 | 13-15 || total
-------------------------+-------+-------+-------+-------+-------++-------
Melee: War axe           |    36 |    29 |   108 |   392 |   845 ||  1410
 Abil: Fly               |       |       |       |       |     1 ||     1
  Use: Scroll            |       |       |     6 |     3 |       ||     9
       Potion            |       |       |     1 |       |       ||     1
  Eat: Chunk             |       |       |     3 |     5 |     6 ||    14
Armor: Scale mail        |    20 |     1 |       |       |       ||    21
       Ring mail         |       |    25 |    41 |    27 |       ||    93
       Plate armour      |       |       |       |    84 |   314 ||   398
Dodge: Dodged            |     9 |    13 |    48 |    67 |    96 ||   233
Block: Shield            |    16 |    21 |    62 |   154 |       ||   253
       Large shield      |       |       |       |    26 |   634 ||   660
